[Event "ICC tourney 2435 (75 10)"]
[Site "Internet Chess Club"]
[Date "2021.03.06"]
[Round "1"]
[White "Kashyap, Mahati B:mnm1"]
[Black "JIANG, LEO:hi987"]
[Result "0-1"]
[ICCResult "White checkmated"]
[WhiteElo "1515"]
[BlackElo "1642"]
[Opening "Sicilian: Prins (Moscow) variation"]
[ECO "B55"]
[NIC "SI.01"]
[Time "13:01:38"]
[PlyCount "116"]
[TimeControl "4500+10"]

1. e4 c5 2. Nf3 d6 3. d4 cxd4 4. Nxd4 Nf6 5. f3 e5 6. Nb3 d5 7. exd5 Qxd5
8. Qxd5 Nxd5 9. c4 Nb4 10. Kd1 Bf5 11. Nc3 N8c6 12. Be3 Nc2 13. Bf2 Nxa1
14. Nxa1 O-O-O+ 15. Ke1 Nb4 16. a3 Nd3+ 17. Bxd3 Bxd3 18. Bxa7 Bxc4 19. Na4
Bb5 20. Nb6+ Kc7 21. a4 Bb4+ 22. Kf2 Bc5+ 23. Kg3 Bxb6 24. Bxb6+ Kxb6 25.
axb5 Kxb5 26. Nc2 Rd2 27. Na3+ Kb4 28. Rc1 Rxb2 29. Nc4 Re2 30. Nd6 Rd8 31.
Nxf7 Rdd2 32. Rb1+ Rb2 33. Rxb2+ Rxb2 34. Nxe5 b5 35. Nd3+ Kc3 36. Nc5 Kc4
37. Ne4 b4 38. Kf4 b3 39. Ke3 Rxg2 40. Nd2+ Kc3 41. Ne4+ Kb4 42. h3 b2 43.
Nd2 Rxd2 44. Kxd2 b1=Q 45. Ke3 Qf5 46. f4 Kc4 47. Kf3 Kd4 48. h4 h5 49. Kg3
Qg4+ 50. Kf2 Qxf4+ 51. Kg2 Qxh4 52. Kf3 Qg4+ 53. Kf2 Qh3 54. Kg1 Qf3 55.
Kh2 Qg4 56. Kh1 Ke3 57. Kh2 Kf2 58. Kh1 Qg2# { White checkmated } 0-1

[Event "ICC tourney 2435 (75 10)"]
[Site "Internet Chess Club"]
[Date "2021.03.06"]
[Round "1"]
[White "ROWLAND, OLUROTIMI:ROWLAND"]
[Black "TREY, JUSTIN:Torsten936"]
[Result "0-1"]
[ICCResult "White resigns"]
[WhiteElo "1552"]
[BlackElo "1652"]
[Opening "French: Rubinstein variation"]
[ECO "C03"]
[NIC "FR.07"]
[Time "13:01:41"]
[PlyCount "54"]
[TimeControl "4500+10"]

1. e4 e6 2. d4 d5 3. Nd2 dxe4 4. Nxe4 Nd7 5. Nf3 Ngf6 6. Bd3 Nxe4 7. Bxe4
Nf6 8. Bg5 Be7 9. Bxf6 Bxf6 10. Qd2 c5 11. O-O-O Qb6 12. c3 cxd4 13. Nxd4
Bd7 14. Rhe1 Rd8 15. Qc2 g6 16. Kb1 O-O 17. g3 Bc6 18. Nxc6 bxc6 19. h4 Qa5
20. Rxd8 Rxd8 21. Rd1 Rb8 22. Rd7 Bxc3 23. b3 Rb5 24. f4 Rc5 25. Qd3 Qa3
26. Rd8+ Kg7 27. Qc2 Bf6 { White resigns } 0-1

[Event "ICC tourney 2435 (75 10)"]
[Site "Internet Chess Club"]
[Date "2021.03.06"]
[Round "1"]
[White "BRUDNO, STEPHEN:StevChess01"]
[Black "TREUSDELL , ROSS:IveDoneEnough"]
[Result "0-1"]
[ICCResult "White checkmated"]
[WhiteElo "1652"]
[BlackElo "1564"]
[Opening "King's Indian: Sämisch, 5...O-O"]
[ECO "E81"]
[NIC "KI.54"]
[Time "13:01:38"]
[PlyCount "64"]
[TimeControl "4500+10"]

1. d4 Nf6 2. c4 g6 3. f3 Bg7 4. e4 d6 5. Nc3 O-O 6. Be3 c6 7. Qd2 e5 8. d5
Ne8 9. Bd3 f5 10. O-O-O fxe4 11. fxe4 cxd5 12. cxd5 a6 13. Kb1 b5 14. Rc1
Nd7 15. Nf3 Nc5 16. Bc2 Nf6 17. Ng5 h6 18. Nf3 b4 19. Ne2 Nfxe4 20. Qxb4
Bf5 21. Ng3 Nxg3 22. hxg3 Nd3 23. Bxd3 Bxd3+ 24. Ka1 Rb8 25. Qd2 e4 26. Nd4
g5 27. a3 Qb6 28. Rc6 Qb7 29. Rhc1 Rbc8 30. Ne6 Rxc6 31. dxc6 Qb3 32. Nxf8
Qxa3# { White checkmated } 0-1

[Event "ICC tourney 2435 (75 10)"]
[Site "Internet Chess Club"]
[Date "2021.03.06"]
[Round "1"]
[White "Kashyap, Manish B:mnm2"]
[Black "WANG, LEO Q:wahoo"]
[Result "1-0"]
[ICCResult "Black checkmated"]
[WhiteElo "1547"]
[BlackElo "1646"]
[Opening "Scotch game"]
[ECO "C45"]
[NIC "SO.05"]
[Time "13:01:53"]
[PlyCount "129"]
[TimeControl "4500+10"]

1. e4 e5 2. Nf3 Nc6 3. d4 exd4 4. Nxd4 Bc5 5. Be3 Qf6 6. c3 Nge7 7. Bc4 Ne5
8. Be2 Qg6 9. O-O d6 10. Nd2 Bh3 11. Bf3 Nxf3+ 12. Qxf3 Bg4 13. Qg3 O-O 14.
h3 Bxd4 15. Bxd4 Be2 16. Rfe1 Qxg3 17. fxg3 Bd3 18. c4 Nc6 19. Bc3 f5 20.
Re3 fxe4 21. Nxe4 Bxc4 22. b3 Bd5 23. Rd1 Bxe4 24. Rxe4 Rae8 25. Rde1 Rxe4
26. Rxe4 d5 27. Rg4 Rf7 28. h4 Rd7 29. h5 d4 30. Bd2 d3 31. Kf2 Kf7 32. Re4
Re7 33. Ke3 Rxe4+ 34. Kxe4 Kf6 35. g4 h6 36. Kxd3 Ne5+ 37. Ke4 Nxg4 38. Kf4
Nf2 39. Be3 Nd3+ 40. Ke4 Nb4 41. a4 Nc6 42. g4 Ne5 43. Bd4 Kg5 44. Bxe5
Kxg4 45. Bxg7 Kxh5 46. b4 Kg6 47. Be5 c6 48. a5 h5 49. Kf4 h4 50. Kg4 h3
51. Kxh3 Kf5 52. Bd4 a6 53. Bc5 Ke6 54. Kg4 Kd7 55. Kf5 Kc8 56. Ke6 Kb8 57.
Kd7 b6 58. axb6 Kb7 59. Kd6 a5 60. bxa5 Kc8 61. Kxc6 Kb8 62. Bd6+ Ka8 63.
b7+ Ka7 64. b8=Q+ Ka6 65. Qb6# { Black checkmated } 1-0

[Event "ICC tourney 2435 (75 10)"]
[Site "Internet Chess Club"]
[Date "2021.03.06"]
[Round "1"]
[White "HEBBAR, ESHAAN:solveur"]
[Black "VISHWA, SUSHEEL:sushivishwa"]
[Result "0-1"]
[ICCResult "White checkmated"]
[WhiteElo "1611"]
[BlackElo "1750"]
[Opening "Dutch defense, Rubinstein variation"]
[ECO "A84"]
[NIC "HD.10"]
[Time "13:01:36"]
[PlyCount "172"]
[TimeControl "4500+10"]

1. d4 f5 2. c4 e6 3. Nc3 Nf6 4. Nf3 b6 5. g3 Bb7 6. Bg2 Bb4 7. O-O Bxc3 8.
bxc3 O-O 9. Ba3 d6 10. Qb3 Be4 11. c5 Re8 12. cxd6 cxd6 13. Ng5 Qd7 14.
Nxe4 Nxe4 15. Rfd1 d5 16. Rac1 Nc6 17. e3 Na5 18. Qb4 Nc4 19. Rc2 Rac8 20.
Bc1 Rc6 21. f3 Ned6 22. Re1 Rec8 23. e4 fxe4 24. fxe4 Nxe4 25. Bxe4 dxe4
26. Rxe4 Qd5 27. Re1 e5 28. Rce2 h6 29. Re4 exd4 30. Re8+ Rxe8 31. Rxe8+
Kh7 32. Qb1+ d3 33. h3 Rg6 34. Bf4 Qf3 35. Qf1 Qd5 36. h4 d2 37. Qd1 Nb2
38. Qxd2 Rxg3+ 39. Kh2 Qxd2+ 40. Bxd2 Rd3 41. Bc1 Rxc3 42. Bf4 Nd3 43. Bd6
Rc2+ 44. Kg3 Rxa2 45. Bf8 Rf2 46. Rd8 Rf7 47. h5 Nc5 48. Bxc5 bxc5 49. Rd5
Rc7 50. Kf4 a5 51. Ke3 Kg8 52. Kd3 Kf7 53. Kc4 a4 54. Rd1 Kf6 55. Rg1 a3
56. Rg6+ Kf5 57. Ra6 Kg5 58. Rxa3 Kxh5 59. Rg3 g5 60. Rh3+ Kg6 61. Kd5 c4
62. Kd4 c3 63. Rxc3 Rxc3 64. Kxc3 Kf5 65. Kd2 Kf4 66. Ke2 Kg3 67. Kf1 Kh2
68. Ke2 g4 69. Ke3 g3 70. Kf3 g2 71. Kf4 g1=Q 72. Kf5 Qg3 73. Ke4 Kg2 74.
Kf5 h5 75. Ke4 h4 76. Kd4 Qf3 77. Ke5 h3 78. Kd4 Qe2 79. Kc3 Qd1 80. Kc4 h2
81. Kc5 h1=R 82. Kc4 Rh8 83. Kc5 Rc8+ 84. Kb6 Qb1+ 85. Ka7 Kh1 86. Ka6 Ra8#
{ White checkmated } 0-1

[Event "ICC tourney 2435 (75 10)"]
[Site "Internet Chess Club"]
[Date "2021.03.06"]
[Round "1"]
[White "THOMAS, MICHAEL G:chesslin"]
[Black "ANANTH, ANANYA:Ananya22609"]
[Result "0-1"]
[ICCResult "White resigns"]
[WhiteElo "1790"]
[BlackElo "1625"]
[Opening "Queen's pawn, Mason variation, Steinitz counter-gambit"]
[ECO "D00"]
[NIC "QP.08"]
[Time "13:01:45"]
[PlyCount "66"]
[TimeControl "4500+10"]

1. d4 d5 2. Bf4 c5 3. dxc5 Nc6 4. Nf3 Nf6 5. Nc3 e6 6. e3 Bxc5 7. Bb5 O-O
8. O-O h6 9. Bg3 Bb6 10. a3 Bc7 11. Re1 Bxg3 12. hxg3 Re8 13. g4 Nxg4 14.
e4 dxe4 15. Rxe4 Nf6 16. Re2 a6 17. Bxc6 bxc6 18. Ne5 Bb7 19. Na4 Qa5 20.
c4 Rad8 21. Qb3 Ba8 22. Qc2 c5 23. Nc3 Qc7 24. b4 Qb7 25. f3 cxb4 26. axb4
Qxb4 27. Rxa6 Qc5+ 28. Kh2 Rd4 29. Nb5 Rh4+ 30. Kg3 Rh1 31. Nxf7 Kxf7 32.
Nd6+ Kg8 33. Qg6 Rf8 { White resigns } 0-1

[Event "ICC tourney 2435 (75 10)"]
[Site "Internet Chess Club"]
[Date "2021.03.06"]
[Round "1"]
[White "ZHANG, SUNNY:AboardBuffalo"]
[Black "QIAO, ETHAN:CougarForest"]
[Result "1-0"]
[ICCResult "Black resigns"]
[WhiteElo "1650"]
[BlackElo "1547"]
[Opening "Sicilian: Najdorf"]
[ECO "B90"]
[NIC "SI.14"]
[Time "13:01:36"]
[PlyCount "99"]
[TimeControl "4500+10"]

1. e4 c5 2. Nf3 d6 3. d4 cxd4 4. Nxd4 Nf6 5. Nc3 a6 6. f3 e5 7. Nb3 Be6 8.
Be3 Nbd7 9. Qd2 Be7 10. O-O-O O-O 11. g4 b5 12. h4 b4 13. Nd5 Bxd5 14. exd5
a5 15. g5 Nh5 16. Kb1 a4 17. Nc1 Qc7 18. Qxb4 Rfb8 19. Bb5 Ra5 20. c4 Bd8
21. Ne2 Rb7 22. Nc3 Nc5 23. Qa3 Ng3 24. Rhg1 Nf5 25. Bxc5 dxc5 26. Nxa4 Nd6
27. b3 Nxb5 28. cxb5 Rbxb5 29. Ka1 c4 30. Rc1 c3 31. Rxc3 Qxc3+ 32. Nxc3
Rxa3 33. Nxb5 Ra5 34. Nc3 Rc5 35. Kb2 Ba5 36. Rc1 Kf8 37. d6 Ke8 38. Ne4
Rd5 39. a3 Kd7 40. b4 Bb6 41. Kc3 Be3 42. Re1 Bf4 43. a4 Ke6 44. Kc2 Rd4
45. Rd1 Rc4+ 46. Kb3 Rc8 47. d7 Rd8 48. Nc5+ Ke7 49. a5 Be3 50. a6 { Black
resigns } 1-0

[Event "ICC tourney 2435 (75 10)"]
[Site "Internet Chess Club"]
[Date "2021.03.06"]
[Round "1"]
[White "ARAVINDAKSHAN, SAHANA:TigerSahi"]
[Black "KUMAR, AGRIM:agrimjax1"]
[Result "1-0"]
[ICCResult "Black checkmated"]
[WhiteElo "1641"]
[BlackElo "1509"]
[Opening "Nimzo-Indian: Kmoch variation"]
[ECO "E20"]
[NIC "NI.30"]
[Time "13:01:54"]
[PlyCount "131"]
[TimeControl "4500+10"]

1. d4 Nf6 2. c4 e6 3. Nc3 Bb4 4. f3 d6 5. a3 Bxc3+ 6. bxc3 b6 7. e4 h6 8.
Bd3 c5 9. d5 e5 10. Ne2 Nbd7 11. O-O O-O 12. Be3 Re8 13. Ng3 Nf8 14. f4 Ng4
15. Qe1 Qh4 16. h3 Nxe3 17. Qxe3 exf4 18. Rxf4 Qg5 19. Rf3 Qxe3+ 20. Rxe3
Ng6 21. Rf1 Ne5 22. Nf5 Bxf5 23. exf5 Nxd3 24. Rxd3 Re4 25. a4 Rae8 26. Ra1
Re1+ 27. Rxe1 Rxe1+ 28. Kf2 Re4 29. Re3 Rxc4 30. Re8+ Kh7 31. Rd8 Rxa4 32.
Rxd6 Rf4+ 33. Ke3 Rxf5 34. Rd7 Kg6 35. Ke4 f6 36. c4 Re5+ 37. Kd3 f5 38.
Rxa7 b5 39. cxb5 Rxd5+ 40. Kc4 Rd2 41. b6 Rb2 42. b7 Kg5 43. g3 f4 44.
gxf4+ Kxf4 45. Kxc5 Ke5 46. Kc6 Rc2+ 47. Kd7 Rd2+ 48. Kc8 Rc2+ 49. Kb8 Kf4
50. Ka8 Rb2 51. b8=Q+ Rxb8+ 52. Kxb8 g6 53. Ra6 Kg5 54. Ra4 Kh5 55. Kc7 g5
56. Kd6 Kg6 57. Ke5 Kh5 58. Kf5 g4 59. hxg4+ Kh4 60. g5+ Kh5 61. gxh6 Kxh6
62. Rg4 Kh5 63. Rg8 Kh6 64. Rg1 Kh7 65. Kf6 Kh6 66. Rh1# { Black checkmated
} 1-0

[Event "ICC tourney 2435 (75 10)"]
[Site "Internet Chess Club"]
[Date "2021.03.06"]
[Round "1"]
[White "LIAO, CONNOR:che2468"]
[Black "MARTINEZ, ABEL:abelMZ084"]
[Result "1-0"]
[ICCResult "Black resigns"]
[WhiteElo "1508"]
[BlackElo "1636"]
[Opening "Queen's pawn: Chigorin variation"]
[ECO "D00"]
[NIC "QP.08"]
[Time "13:01:41"]
[PlyCount "119"]
[TimeControl "4500+10"]

1. d4 d5 2. Nc3 Nf6 3. Bf4 e6 4. a3 b6 5. e3 Be7 6. Bd3 Bb7 7. Nf3 Nbd7 8.
O-O Rc8 9. Ne5 c5 10. dxc5 Nxe5 11. Bxe5 bxc5 12. Qf3 Qb6 13. Qg3 d4 14.
exd4 cxd4 15. Ne2 Rd8 16. Bc7 Qc5 17. Bxd8 Bxd8 18. Qh4 Qc6 19. Qg5 e5 20.
Qxe5+ Kf8 21. f3 Bc7 22. Qb5 Qd6 23. Qb4 Qxb4 24. axb4 Bb6 25. Kh1 Nd5 26.
Be4 f5 27. Bxd5 Bxd5 28. c3 Bc4 29. Rfe1 d3 30. Nd4 g6 31. Red1 Kf7 32. b3
Bxd4 33. cxd4 Bb5 34. Ra5 a6 35. Rxb5 axb5 36. Rxd3 Ke6 37. d5+ Kd6 38. Kg1
Re8 39. Kf2 Re5 40. f4 Re4 41. g3 Rxb4 42. h3 Re4 43. Kf3 h5 44. g4 Re1 45.
gxf5 gxf5 46. Kf2 Re4 47. Kg3 Rb4 48. Kh4 Rxf4+ 49. Kxh5 Rf1 50. h4 f4 51.
Kg4 Rg1+ 52. Kxf4 Rf1+ 53. Kg3 Rg1+ 54. Kh2 Rg4 55. Kh3 Rg1 56. h5 Rg7 57.
Kh4 Rg1 58. h6 Rg2 59. h7 Rh2+ 60. Rh3 { Black resigns } 1-0

[Event "ICC tourney 2435 (75 10)"]
[Site "Internet Chess Club"]
[Date "2021.03.06"]
[Round "1"]
[White "VALE CRUZ, ARMIN:trucker"]
[Black "RAJESH, ANIRUDH:anirudhrajesh"]
[Result "1-0"]
[ICCResult "Black forfeits on time"]
[WhiteElo "1643"]
[BlackElo "1535"]
[Opening "Ruy Lopez: Graz variation"]
[ECO "C70"]
[NIC "RL.09"]
[Time "13:01:44"]
[PlyCount "83"]
[TimeControl "4500+10"]

1. e4 e5 2. Nf3 Nc6 3. Bb5 a6 4. Ba4 b5 5. Bb3 Bc5 6. O-O Nf6 7. c3 d6 8.
d4 Bb6 9. dxe5 dxe5 10. Qxd8+ Nxd8 11. Bg5 h6 12. Bh4 O-O 13. Nbd2 Bb7 14.
Rfe1 Nc6 15. Rad1 Rfe8 16. Bxf6 gxf6 17. Nh4 Ne7 18. Nf1 Bc8 19. Ng3 Kf8
20. Rd3 Be6 21. Red1 c5 22. Bxe6 fxe6 23. Rd6 Rad8 24. Kf1 Kf7 25. Ke2 Nc8
26. R6d3 c4 27. Rf3 Rxd1 28. Kxd1 Rd8+ 29. Kc2 Rd3 30. Rxd3 cxd3+ 31. Kxd3
Bxf2 32. Nf3 Nd6 33. Nf1 Bc5 34. N1d2 b4 35. Nb3 Bb6 36. cxb4 Ke7 37. a4
Nf7 38. a5 Ba7 39. Nc5 Bxc5 40. bxc5 Kd7 41. h4 Nd8 42. Kc4 { Black
forfeits on time } 1-0

[Event "ICC tourney 2435 (75 10)"]
[Site "Internet Chess Club"]
[Date "2021.03.06"]
[Round "1"]
[White "GOPALAKRISHNAN, KRITIN ROHAN:rokrchess"]
[Black "WU, JAYDEN:SparkyNinja"]
[Result "0-1"]
[ICCResult "White resigns"]
[WhiteElo "1578"]
[BlackElo "1679"]
[Opening "Sicilian: Najdorf, Byrne (English) attack"]
[ECO "B90"]
[NIC "SI.14"]
[Time "13:02:31"]
[PlyCount "104"]
[TimeControl "4500+10"]

1. e4 c5 2. Nf3 d6 3. d4 cxd4 4. Nxd4 Nf6 5. Nc3 a6 6. Be3 e5 7. Nb3 Be6 8.
Be2 Be7 9. O-O O-O 10. f4 exf4 11. Bxf4 Nc6 12. Qe1 Ne5 13. Rd1 Qb6+ 14.
Kh1 Rac8 15. Qg3 Nfd7 16. Be3 Qc7 17. Nd4 Rfd8 18. Nf5 Bf8 19. Nd4 b5 20.
a3 Nb6 21. Nxe6 fxe6 22. Bxb6 Qxb6 23. Bg4 Re8 24. Qh3 Nxg4 25. Qxg4 b4 26.
axb4 Qxb4 27. Rb1 d5 28. Qf3 d4 29. Ne2 Qc4 30. b3 Qc5 31. Qd3 Qxc2 32.
Qxc2 Rxc2 33. Nxd4 Rd2 34. Nf3 Re2 35. Ra1 Rxe4 36. Rxa6 Rb4 37. Re1 Rxb3
38. Raxe6 Rxe6 39. Rxe6 Rb1+ 40. Re1 Rxe1+ 41. Nxe1 Bc5 42. g3 Kf7 43. Kg2
Kf6 44. Kf3 h5 45. Nd3 Bd6 46. Nf4 g6 47. Nxg6 Kxg6 48. Kg2 Kg5 49. Kh1 Kg4
50. h4 Kh3 51. Kg1 Bc5+ 52. Kh1 Bb6 { White resigns } 0-1

[Event "ICC tourney 2435 (75 10)"]
[Site "Internet Chess Club"]
[Date "2021.03.06"]
[Round "1"]
[White "KURBANOV, ABROR:Abror"]
[Black "ZHANG, FRED:Fredzhang"]
[Result "1/2-1/2"]
[ICCResult "Game drawn by mutual agreement"]
[WhiteElo "1635"]
[BlackElo "1508"]
[Opening "Sicilian: Boleslavsky variation, 7.Nb3"]
[ECO "B59"]
[NIC "SI.25"]
[Time "13:01:39"]
[PlyCount "159"]
[TimeControl "4500+10"]

1. e4 c5 2. Nf3 d6 3. d4 cxd4 4. Nxd4 Nf6 5. Nc3 Nc6 6. Be2 e5 7. Nb3 a6 8.
Bg5 Be6 9. O-O Be7 10. Bxf6 Bxf6 11. Nd5 O-O 12. c3 Bg5 13. Qd3 Ne7 14.
Nxe7+ Qxe7 15. Rad1 Rfd8 16. Bf3 Rac8 17. Rfe1 Bc4 18. Qb1 Qe6 19. h3 Bxb3
20. Bg4 Qe7 21. axb3 Rc7 22. Rd5 g6 23. Red1 h5 24. Be2 Kg7 25. Qd3 Rcd7
26. c4 Rc7 27. b4 Rc6 28. c5 Qf6 29. cxd6 b5 30. d7 Qe6 31. Kh2 Qe7 32. g3
h4 33. Rd6 Qxd6 34. Qxd6 Rxd6 35. Rxd6 Be7 36. Rd5 hxg3+ 37. fxg3 Bxb4 38.
Bg4 f6 39. Rd1 Kf7 40. Rc1 Ke7 41. Rc6 a5 42. Rb6 Bd6 43. Rxb5 Rf8 44. Rd5
Rb8 45. Rd2 Bc7 46. Rc2 Kd6 47. Kg2 Bd8 48. h4 Rb4 49. h5 gxh5 50. Bf5 Rd4
51. Kh3 Rd3 52. Kh4 Ke7 53. Rg2 Bb6 54. Kxh5 Rf3 55. g4 Rf2 56. Rg3 Rxb2
57. Rc3 Kf7 58. g5 Rh2+ 59. Bh3 fxg5 60. Kxg5 Ke7 61. Bg4 Rf2 62. Rc6 Bd8
63. Kg6 Rf4 64. Bh3 Rf3 65. Bf5 Rg3+ 66. Kh5 Kf7 67. Rc8 Rg5+ 68. Kh6 Rg8
69. Kh7 Rg7+ 70. Kh6 Rg8 71. Kh5 Rg5+ 72. Kh4 Rxf5+ 73. Rxd8 Ke7 74. exf5
Kxd8 75. Kg5 a4 76. f6 Kxd7 77. Kg6 a3 78. f7 a2 79. f8=Q a1=Q 80. Qf7+ {
Game drawn by mutual agreement } 1/2-1/2

[Event "ICC tourney 2435 (75 10)"]
[Site "Internet Chess Club"]
[Date "2021.03.06"]
[Round "1"]
[White "LIAO, CAITLIN:che8642"]
[Black "MARTINEZ, ABRAHAM:Pugnacious"]
[Result "0-1"]
[ICCResult "White checkmated"]
[WhiteElo "1566"]
[BlackElo "1661"]
[Opening "Queen's pawn: Chigorin variation"]
[ECO "D00"]
[NIC "QP.08"]
[Time "13:01:36"]
[PlyCount "110"]
[TimeControl "4500+10"]

1. d4 d5 2. Nc3 Nf6 3. Bf4 e6 4. a3 Bd6 5. Bg3 Nbd7 6. e3 b6 7. Nf3 Bb7 8.
Nb5 Bxg3 9. hxg3 a6 10. Nc3 c5 11. Bd3 Ne4 12. Nd2 f5 13. g4 Qf6 14. Ndxe4
fxe4 15. Be2 O-O 16. f3 e5 17. dxe5 Qxe5 18. f4 Qe6 19. b3 Nf6 20. g5 Ne8
21. g3 Rd8 22. Bg4 Qd6 23. Qd2 g6 24. Qh2 Rf7 25. Qh3 Nc7 26. Rd1 d4 27. f5
Re7 28. fxg6 Qxg6 29. Bf5 Qxg5 30. Bxh7+ Kg7 31. g4 Rh8 32. Ne2 Kf8 33.
Qf1+ Rf7 34. Bf5 Rg8 35. exd4 Nd5 36. Qg1 Ne3 37. Rd2 Nxf5 38. gxf5 e3 39.
Qxg5 Rxg5 40. Rh8+ Kg7 41. Rd3 Kxh8 42. Rxe3 Rgxf5 43. dxc5 Rxc5 44. Nd4
Rh5 45. Re6 b5 46. Re8+ Kh7 47. Re4 Bxe4 48. Ke2 Re7 49. Kd2 Rh2+ 50. Kd1
Rd7 51. c3 Rg7 52. Ne2 Rgg2 53. Kd2 Rxe2+ 54. Kd1 Bd3 55. b4 Rh1# { White
checkmated } 0-1

[Event "ICC tourney 2435 (75 10)"]
[Site "Internet Chess Club"]
[Date "2021.03.06"]
[Round "1"]
[White "PATEL, ARAV:APBrain"]
[Black "CHANDI, ISHNOOR SINGH:Ishnoor"]
[Result "1-0"]
[ICCResult "Black forfeits on time"]
[WhiteElo "1669"]
[BlackElo "1577"]
[Opening "Queen's pawn: London system"]
[ECO "A45"]
[NIC "QP.07"]
[Time "13:01:35"]
[PlyCount "79"]
[TimeControl "4500+10"]

1. d4 Nf6 2. Bf4 g6 3. Nc3 Bg7 4. e4 d6 5. Qd2 O-O 6. O-O-O Nbd7 7. f3 e5
8. dxe5 dxe5 9. Bxe5 c6 10. Bd6 Re8 11. Bc4 b5 12. Bb3 Qb6 13. Nh3 h6 14.
Nf4 c5 15. e5 Nxe5 16. Bxe5 Rxe5 17. Nxg6 Re8 18. Nd5 Nxd5 19. Bxd5 Bb7 20.
Bxb7 Qxb7 21. Nf4 Qa6 22. Kb1 Qf6 23. c3 Rad8 24. Qc1 b4 25. cxb4 Rb8 26.
Nd5 Qd6 27. f4 Bd4 28. Nc3 Rxb4 29. Rhe1 Reb8 30. Re2 Qf6 31. Rc2 Qg6 32.
Ka1 Bxc3 33. Rxc3 Qf6 34. f5 Rxb2 35. Qxb2 Rxb2 36. Kxb2 Qxf5 37. Rdc1 Qe5
38. g3 Qd4 39. Rc2 a5 40. Kc1 { Black forfeits on time } 1-0

[Event "ICC tourney 2435 (75 10)"]
[Site "Internet Chess Club"]
[Date "2021.03.06"]
[Round "1"]
[White "GUNN, HAN:Han366"]
[Black "RAJANISH, ABHINAV:Knightboy123"]
[Result "1/2-1/2"]
[ICCResult "Game drawn by mutual agreement"]
[WhiteElo "1700"]
[BlackElo "1603"]
[Opening "Nimzo-Indian: 4.e3, Botvinnik system"]
[ECO "E49"]
[NIC "NI.18"]
[Time "13:01:48"]
[PlyCount "82"]
[TimeControl "4500+10"]

1. d4 Nf6 2. c4 e6 3. Nc3 Bb4 4. a3 Bxc3+ 5. bxc3 d5 6. e3 O-O 7. Bd3 Nc6
8. Nf3 Re8 9. O-O e5 10. dxe5 Nxe5 11. Nxe5 Rxe5 12. Qc2 dxc4 13. Bxc4 Bf5
14. Qb3 Qd7 15. Rd1 Qe7 16. a4 Rb8 17. Ba3 c5 18. Ra2 Be6 19. Bxe6 Rxe6 20.
Rad2 b6 21. Qc4 h6 22. Qf4 Rb7 23. Rd8+ Kh7 24. Qf5+ g6 25. Qd3 Rc6 26. c4
Rbc7 27. Bb2 Rc8 28. Rxc8 Rxc8 29. h3 Rc6 30. Qc3 Kg7 31. f3 Rd6 32. Rd5 g5
33. e4 a5 34. Qd3 Rxd5 35. cxd5 Kf8 36. Qb5 Nd7 37. Qc6 f6 38. Kf2 Kf7 39.
g3 c4 40. Qxc4 Qc5+ 41. Qd4 Qc2+ { Game drawn by mutual agreement } 1/2-1/2

[Event "ICC tourney 2435 (75 10)"]
[Site "Internet Chess Club"]
[Date "2021.03.06"]
[Round "2"]
[White "MARTINEZ, ABEL:abelMZ084"]
[Black "ROWLAND, OLUROTIMI:ROWLAND"]
[Result "1-0"]
[ICCResult "Black resigns"]
[WhiteElo "1636"]
[BlackElo "1552"]
[Opening "Richter-Veresov attack"]
[ECO "D01"]
[NIC "QP.07"]
[Time "16:31:52"]
[PlyCount "41"]
[TimeControl "4500+10"]

1. d4 Nf6 2. Nc3 d5 3. Bg5 g6 4. Qd2 Bg7 5. f3 O-O 6. e4 e6 7. e5 h6 8.
exf6 hxg5 9. fxg7 Kxg7 10. O-O-O c6 11. g3 f6 12. Bd3 a5 13. h4 Rh8 14.
Nge2 Na6 15. hxg5 Nb4 16. gxf6+ Kxf6 17. Qf4+ Kg7 18. Qe5+ Qf6 19. Qxf6+
Kxf6 20. Rxh8 Nxd3+ 21. Rxd3 { Black resigns } 1-0

[Event "ICC tourney 2435 (75 10)"]
[Site "Internet Chess Club"]
[Date "2021.03.06"]
[Round "2"]
[White "TREY, JUSTIN:Torsten936"]
[Black "LIAO, CONNOR:che2468"]
[Result "1-0"]
[ICCResult "Black checkmated"]
[WhiteElo "1652"]
[BlackElo "1508"]
[Opening "QGD Slav defense: exchange variation"]
[ECO "D10"]
[NIC "SL.01"]
[Time "16:31:58"]
[PlyCount "41"]
[TimeControl "4500+10"]

1. d4 d5 2. c4 c6 3. cxd5 cxd5 4. Bf4 Nf6 5. Nc3 Nc6 6. e3 a6 7. Bd3 e6 8.
Nf3 Bd6 9. Bg3 O-O 10. Rc1 Nh5 11. Ne5 Nxe5 12. dxe5 Nxg3 13. Bxh7+ Kxh7
14. hxg3+ Kg8 15. Qh5 f6 16. exd6 Qxd6 17. Ke2 Bd7 18. Rh4 Rac8 19. Rch1 b5
20. Qg6 b4 21. Rh8# { Black checkmated } 1-0

[Event "ICC tourney 2435 (75 10)"]
[Site "Internet Chess Club"]
[Date "2021.03.06"]
[Round "2"]
[White "ANANTH, ANANYA:Ananya22609"]
[Black "ZHANG, SUNNY:AboardBuffalo"]
[Result "1-0"]
[ICCResult "Black resigns"]
[WhiteElo "1625"]
[BlackElo "1650"]
[Opening "Scotch: Blumenfeld attack"]
[ECO "C45"]
[NIC "SO.05"]
[Time "16:31:51"]
[PlyCount "49"]
[TimeControl "4500+10"]

1. e4 e5 2. Nf3 Nc6 3. d4 exd4 4. Nxd4 Bc5 5. Be3 Qf6 6. Nb5 Bxe3 7. fxe3
Qxb2 8. N1c3 Qb4 9. Nxc7+ Kd8 10. Qd2 Rb8 11. N7d5 Qd6 12. Be2 Nge7 13. O-O
f6 14. Rad1 b6 15. Nxe7 Qxe7 16. Bb5 Bb7 17. Nd5 Qf7 18. Bc4 Qe8 19. Nf4
Ne5 20. Qd6 Kc8 21. Ne6 dxe6 22. Bxe6+ Qxe6 23. Qxe6+ Kc7 24. Qd6+ Kc8 25.
Rf5 { Black resigns } 1-0

[Event "ICC tourney 2435 (75 10)"]
[Site "Internet Chess Club"]
[Date "2021.03.06"]
[Round "2"]
[White "QIAO, ETHAN:CougarForest"]
[Black "HEBBAR, ESHAAN:solveur"]
[Result "0-1"]
[ICCResult "White resigns"]
[WhiteElo "1547"]
[BlackElo "1611"]
[Opening "Giuoco piano"]
[ECO "C50"]
[NIC "IG.02"]
[Time "16:31:47"]
[PlyCount "78"]
[TimeControl "4500+10"]

1. e4 e5 2. Nf3 Nc6 3. Bc4 Bc5 4. O-O Nf6 5. d4 Bxd4 6. Nxd4 Nxd4 7. Bg5 d6
8. f4 c6 9. fxe5 dxe5 10. c3 Be6 11. Bxe6 Nxe6 12. Qxd8+ Rxd8 13. Bxf6 gxf6
14. Na3 Ke7 15. Rad1 b5 16. Nc2 a5 17. Ne3 Rxd1 18. Nf5+ Kd7 19. Rxd1+ Kc7
20. Ne3 Nc5 21. Ng4 Nxe4 22. Rf1 Rd8 23. Nxf6 Nd2 24. Re1 e4 25. Nxe4 Re8
26. Rd1 Nxe4 27. Rf1 f6 28. Rf4 Kd6 29. g4 Kd5 30. b3 Re6 31. Rf3 b4 32.
c4+ Kd4 33. Kg2 a4 34. Rh3 a3 35. Rf3 Ng5 36. Rf2 Kd3 37. h4 Re2 38. hxg5
Rxf2+ 39. Kxf2 fxg5 { White resigns } 0-1

[Event "ICC tourney 2435 (75 10)"]
[Site "Internet Chess Club"]
[Date "2021.03.06"]
[Round "2"]
[White "JIANG, LEO:hi987"]
[Black "PATEL, ARAV:APBrain"]
[Result "0-1"]
[ICCResult "White checkmated"]
[WhiteElo "1642"]
[BlackElo "1669"]
[Opening "Petrov's defense"]
[ECO "C42"]
[NIC "RG.03"]
[Time "16:31:43"]
[PlyCount "52"]
[TimeControl "4500+10"]

1. e4 e5 2. Nf3 Nf6 3. Nxe5 Nc6 4. Nxc6 dxc6 5. d3 Bc5 6. Be2 h5 7. Bg5 Qd4
8. Be3 Qxb2 9. Nd2 Bxe3 10. fxe3 Ng4 11. Bxg4 Bxg4 12. Qc1 Qf6 13. g3 h4
14. Rf1 Qg5 15. Nf3 Bxf3 16. Rxf3 hxg3 17. Rxg3 Qe5 18. d4 Qxe4 19. Rxg7
Rxh2 20. Rg8+ Kd7 21. Rg1 Rg8 22. Rf1 Qg2 23. Rxf7+ Kc8 24. Qd1 Qg1+ 25.
Rf1 Qxe3+ 26. Qe2 Qxe2# { White checkmated } 0-1

[Event "ICC tourney 2435 (75 10)"]
[Site "Internet Chess Club"]
[Date "2021.03.06"]
[Round "2"]
[White "ZHANG, FRED:Fredzhang"]
[Black "THOMAS, MICHAEL G:chesslin"]
[Result "1-0"]
[ICCResult "Black resigns"]
[WhiteElo "1508"]
[BlackElo "1790"]
[Opening "Pirc: classical (two knights) system"]
[ECO "B06"]
[NIC "PU.10"]
[Time "16:32:10"]
[PlyCount "75"]
[TimeControl "4500+10"]

1. e4 g6 2. d4 Bg7 3. Nf3 d6 4. Nc3 Nf6 5. Bg5 O-O 6. Bd3 Nc6 7. O-O Bg4 8.
d5 Nb8 9. h3 Bxf3 10. Qxf3 Nbd7 11. Rfe1 c6 12. dxc6 bxc6 13. Qe3 Rb8 14.
Rab1 Qa5 15. Qd2 Rfd8 16. Ne2 Qxa2 17. Nc3 Qa5 18. Ra1 Qc7 19. Be3 a5 20.
b3 Ra8 21. Bd4 e5 22. Be3 d5 23. exd5 cxd5 24. Nb5 Qb8 25. Rxa5 Rxa5 26.
Qxa5 h6 27. f3 d4 28. Bc1 Nc5 29. Bc4 e4 30. b4 Nb7 31. Qb6 exf3 32. Bxf7+
Kxf7 33. Qe6+ Kf8 34. Bxh6 Bxh6 35. Qxf6+ Kg8 36. Qxg6+ Bg7 37. Re7 f2+ 38.
Kf1 { Black resigns } 1-0